 Dungeon Crawl Stone Soup version 0.21-a0-632-g1e37ce5 (webtiles) character file.

101661 mortelune the Destroyer (level 15, 0/136 HPs)
             Began as a Pale Draconian Conjurer on Dec 27, 2017.
             Was a High Priest of Vehumet.
             Slain by a redback (9 damage)
             ... on level 4 of the Lair of Beasts.
             The game lasted 03:43:17 (51871 turns).

mortelune the Destroyer (Pale Draconian Conjurer)  Turns: 51871, Time: 03:43:18

Health: 0/136      AC: 18    Str: 19    XL:     15   Next: 84%
Magic:  30/30      EV:  6    Int: 26    God:    Vehumet [*****.]
Gold:   829        SH:  0    Dex: 12    Spells: 8/37 levels left

rFire    + . .     SeeInvis .   D - +2 demon blade (elec)
rCold    + + .     Gourm    +   w - +1 shield {AC+3}
rNeg     . . .     Faith    .   (armour unavailable)
rPois    +         Spirit   .   (helmet restricted)
rElec    .         Reflect  .   T - scarf {rC+ rF+}
rCorr    .         Harm     .   R - +2 pair of gloves {Str+3}
MR       +....                  x - +2 pair of boots {Fly}
Stlth    ++........             Z - amulet "Fexusugh" {Gourm Str+4 Slay+2}
HPRegen  0.32/turn              C - +6 ring of intelligence
MPRegen  0.22/turn              X - ring "Keomi" {rPois rC+}

@: lethally poisoned (0 -> -18), flying, held
A: breathe steam, unfitting armour, cold-blooded, AC +9
a: Breathe Steam, Renounce Religion, Stop Flying


You were on level 4 of the Lair of Beasts.
You worshipped Vehumet.
Vehumet was extremely pleased with you.
You were not hungry.

You visited 6 branches of the dungeon, and saw 28 of its levels.
You also visited: Labyrinth and Bailey.

You collected 1986 gold pieces.
You spent 1157 gold pieces at shops.

Inventory:

Hand Weapons
 D - a +2 demon blade of electrocution (weapon)
 J - the +8 great sword "Lielog" {slice, rC- rN+++ Int-5 Stlth+}
   (You took it off Erica on level 11 of the Dungeon)

   It inflicts extra damage upon your enemies.
   It affects your intelligence (-5).
   It makes you vulnerable to cold.
   It renders you almost immune to negative energy.
   It makes you more stealthy.
Armour
 w - a +1 shield of protection (worn)
 x - a +2 pair of boots of flying (worn)
 R - a +2 pair of gloves of strength (worn)
 T - a scarf of resistance (worn)
Magical Staves
 S - an uncursed staff of energy
Jewellery
 n - an uncursed ring of protection from fire
 C - a +6 ring of intelligence (left hand)
 V - an uncursed ring of see invisible
 X - the ring "Keomi" (right hand) {rPois rC+}
   (You bought it in a shop on level 2 of the Orcish Mines)

   [ring of poison resistance]

   It protects you from cold.
   It protects you from poison.
 Z - the amulet "Fexusugh" (around neck) {Gourm Str+4 Slay+2}
   (You found it in a labyrinth)

   [amulet of the gourmand]

   It allows you to eat raw meat even when not hungry.
   It affects your strength (+4).
   It affects your accuracy and damage with ranged weapons and melee attacks
   (+2).
Wands
 d - a wand of scattershot (4)
 i - a wand of iceblast (13)
 o - a wand of paralysis (5)
 p - a wand of enslavement (27)
 B - a wand of digging (25)
 P - a wand of acid (13)
Scrolls
 a - 2 scrolls of summoning
 e - 12 scrolls of remove curse
 g - 9 scrolls of teleportation
 h - a scroll of amnesia
 q - 4 scrolls of fear
 y - 2 scrolls of magic mapping {unknown}
 A - 3 scrolls of brand weapon
 G - a scroll of fog
 H - 2 scrolls of silence
 L - a scroll of enchant weapon
 Q - a scroll of immolation {unknown}
Potions
 f - 3 potions of berserk rage
 j - 3 potions of brilliance
 l - 5 potions of ambrosia
 m - 4 potions of agility
 r - 5 potions of mutation
 s - a potion of magic
 t - 4 potions of invisibility
 u - 3 potions of curing
 v - a potion of cancellation
 I - 2 potions of haste
Books
 F - a book of Air

   Spells                             Type                      Level
   a - Shock                          Conjuration/Air              1
   b - Swiftness                      Charms/Air                   2
   c - Static Discharge               Conjuration/Air              3
   d - Airstrike                      Air                          4
   e - Lightning Bolt                 Conjuration/Air              5
 K - a book of Clouds

   Spells                             Type                      Level
   a - Poisonous Vapours              Poison/Air                   2
   b - Mephitic Cloud                 Conjuration/Poison/Air       3
   c - Conjure Flame                  Conjuration/Fire             3
   d - Freezing Cloud                 Conjuration/Ice/Air          6
   e - Ring of Flames                 Charms/Fire                  7
 N - a book of Maledictions

   Spells                             Type                      Level
   a - Corona                         Hexes                        1
   b - Ensorcelled Hibernation        Hexes/Ice                    2
   c - Confuse                        Hexes                        3
   d - Tukima's Dance                 Hexes                        3
   e - Dazzling Spray                 Conjuration/Hexes            3
 O - a book of Callings

   Spells                             Type                      Level
   a - Summon Small Mammal            Summoning                    1
   b - Call Imp                       Summoning                    2
   c - Call Canine Familiar           Summoning                    3
   d - Summon Guardian Golem          Hexes/Summoning              3
   e - Summon Lightning Spire         Summoning/Air                4
   f - Summon Ice Beast               Ice/Summoning                4
 U - the Catalogue of Changing and the Birds
   (You found it on level 1 of the Lair of Beasts)

   Spells                             Type                      Level
   a - Shock                          Conjuration/Air              1
   b - Beastly Appendage              Transmutation                1
   c - Ignite Poison                  Fire/Transmutation/Poison    3
   d - Summon Lightning Spire         Summoning/Air                4
   e - Silence                        Hexes/Air                    5
   f - Yara's Violent Unravelling     Hexes/Transmutation          5
 Y - a book of Fire

   Spells                             Type                      Level
   a - Ignite Poison                  Fire/Transmutation/Poison    3
   b - Fireball                       Conjuration/Fire             5
   c - Bolt of Fire                   Conjuration/Fire             6
   d - Ring of Flames                 Charms/Fire                  7
   e - Ignition                       Fire                         8
Comestibles
 b - 31 rations


   Skills:
 + Level 13.2 Fighting
 + Level 1.8 Dodging
 - Level 2.8 Stealth
 * Level 13.2 Shields
 - Level 11.5 Spellcasting
 + Level 14.3 Conjurations
 - Level 6.0 Summonings
 - Level 11.7 Air Magic


You had 8 spell levels left.
You knew the following spells:

 Your Spells              Type           Power        Failure   Level  Hunger
a - Shock                 Conj/Air       ####         0%          1    None
b - Searing Ray           Conj           ######       0%          2    None
c - Dazzling Spray        Conj/Hex       ######       1%          3    None
d - Iskenderun's Mystic   Conj           ######..     1%          4    None
e - Magic Dart            Conj           ####         0%          1    None
f - Lightning Bolt        Conj/Air       ######....   1%          5    ###....
g - Conjure Flame         Conj/Fire      ######..     1%          3    None
x - Freezing Cloud        Conj/Ice/Air   ######....   5%          6    #####..
z - Summon Lightning Spi  Summ/Air       ######..     1%          4    None


Dungeon Overview and Level Annotations

Branches:
Dungeon (15/15)            Temple (1/1) D:6            Lair (6/6) D:9
  Swamp (3/4) Lair:4       Spider (1/4) Lair:4        Slime (0/5) Lair:6
    Orc (2/2) D:9             Elf (0/3) Orc:2        Vaults (0/5) D:13
 Depths (0/5) D:15

Altars:
Ashenzari
Cheibriados
Dithmenos
Elyvilon
Fedhas
Gozag
Hepliaklqana
Kikubaaqudgha
Makhleb
Nemelex Xobeh
Okawaru
Qazlal
Ru
Sif Muna
Trog
Uskayaw
Vehumet
Wu Jian
Xom
Yredelemnul
Zin
The Shining One

Shops:
D:4 (   D:6 :   D:10 *   Orc:2 =}%=

Annotations:
D:14 book=> fire
Swamp:3 Nikola
Spider:1 Asterion


Innate Abilities, Weirdness & Mutations

You can breathe blasts of scalding, opaque steam.
Your pale cyan-grey scales are hard. (AC +9)
You cannot fit into any form of body armour.
You are cold-blooded and may be slowed by cold attacks.


Message History

The wolf spider hits you. The wolf spider bites you!
You are more poisoned.
The wolf spider poisons you! The tarantella barely misses you.
You riposte.
You closely miss the tarantella.
You tail-slap the tarantella, but do no damage.
You feel better. The wolf spider hits you! The wolf spider bites you!
The redback bites you!
* * * LOW HITPOINT WARNING * * *
The jumping spider pounces on you!
* * * LOW HITPOINT WARNING * * *
The jumping spider bites you but does no damage.
The wolf spider hits you but does no damage.
The wolf spider bites you but does no damage.
The tarantella barely misses you. The wolf spider hits you!!
* * * LOW HITPOINT WARNING * * *
The wolf spider bites you.
* * * LOW HITPOINT WARNING * * *
You are lethally poisoned!
The wolf spider poisons you! The redback bites you!
You die...

### ####.# ### ######### ###
##.#.####.###.##.##P####P#
#....^....................
##.........................
#...P#...##.#..#..+P###P.#P
#P)..#.#######.###.######..
#......##ss..#.##....######
#P...###.s@s##...#......#.#
##..##.^.s†.#..###......##.
##..##.^...##...###.##..###
##..##..^^.##...####.###.###
#..##^^.^.##....##.#+##.+##.
##...^^.###.................
#....###...................
#...##.....................
#...#......................


You could see 2 wolf spiders, a jumping spider, a tarantella and a redback.

Vanquished Creatures
  A tentacled monstrosity (Swamp:2)
  Frances (D:13)
  A thorn hunter (Swamp:3)
  Azrael (D:15)
  The ghost of Lanoc the Cleaver, a journeyman HOCK of Beogh (D:12)
  Josephine (Lair:6)
  A yaktaur captain (D:15)
  8 hydras
  2 ogre magi (Orc:2)
  A ghost crab (Swamp:2)
  Erica (D:11)
  2 centaur warriors
  A catoblepas (Lair:5)
  9 two-headed ogres
  2 alligators
  The ghost of wvc the Cruncher, a novice NaGl of Cheibriados (D:8)
  5 death yaks
  A tengu warrior (D:14)
  Nergalle (Lair:4)
  A spriggan (Swamp:2)
  4 skeletal warriors (D:15)
  6 unseen horrors
  A shambling mangrove (Swamp:1)
  A lindwurm (Lair:6)
  An orc knight (Bailey)
  4 deep elf magi
  2 oklob plants
  A manticore (D:13)
  An ugly thing (D:13)
  3 cyclopes
  2 black mambas
  8 spiny frogs
  A gargoyle (D:10)
  A centaur skeleton (D:13)
  A demonic crawler (Lair:4)
  A kobold demonologist (D:14)
  7 komodo dragons
  A rime drake (Lair:5)
  A jumping spider (Spider:1)
  A freezing wraith (D:14)
  A yaktaur (D:15)
  10 trolls
  3 hornets (Swamp:2)
  A wind drake (shapeshifter) (D:14)
  A tyrant leech (Swamp:2)
  5 slime creatures
  A queen bee (Lair:1)
  8 blink frogs
  2 bog bodies
  2 dream sheep (Lair:6)
  7 hippogriffs
  5 wyverns
  A centaur simulacrum (D:15)
  2 redbacks (Lair:4)
  A shadow (D:13)
  23 yaks
  5 wraiths
  2 fire elementals (D:15)
  A basilisk (Lair:5)
  2 hungry ghosts (D:7)
  2 steam dragons
  25 vampire mosquitoes
  6 insubstantial wisps (Swamp:2)
  A warg (Orc:1)
  12 swamp worms
  2 soldier ants
  The ghost of DEFE the Shooter, an amateur DEAM (D:4)
  5 water moccasins
  5 hell hounds
  2 swamp drakes (Swamp:2)
  8 orc warriors
  7 porcupines
  A black bear (D:5)
  6 sky beasts
  4 ice beasts
  22 ogres
  5 phantoms
  6 wolves
  10 centaurs
  A big kobold (D:11)
  3 crocodiles
  13 bullfrogs
  A wyvern zombie (D:6)
  A scorpion (D:8)
  22 killer bees
  2 wights (D:15)
  2 howler monkeys
  An electric eel (Lair:4)
  A crimson imp (D:8)
  2 lava snakes (Lair:6)
  2 bullfrog zombies
  6 jellies
  3 bullfrog skeletons
  5 hounds
  10 orc wizards
  6 orc priests
  10 worker ants
  2 iguanas
  2 hell rats
  6 ogre zombies (D:9)
  3 hound skeletons
  A howler monkey skeleton (D:8)
  13 adders
  3 shadow imps
  6 oozes
  5 worms
  2 dart slugs
  3 leopard geckos
  61 orcs
  14 bats
  7 giant cockroaches
  10 goblins
  7 hobgoblins
  11 jackals
  3 quokkas
  A ball python (D:8)
  6 frilled lizards
  3 goblin zombies (D:9)
  A hobgoblin skeleton (D:9)
  2 hobgoblin zombies (D:9)
  A jackal zombie (D:7)
  18 kobolds
  A leopard gecko skeleton (D:5)
  A leopard gecko zombie (D:7)
  3 orc skeletons (D:9)
  10 orc zombies (D:9)
  4 rats
  4 fungi
  4 plants
612 creatures vanquished.

Vanquished Creatures (collateral kills)
  Nessos (D:13)
  A fire dragon (Lair:6)
  A minotaur (Lab)
  9 hydras
  4 two-headed ogres
  A death yak (Lair:5)
  A tengu warrior (D:14)
  An alligator (Swamp:1)
  6 spriggans
  2 deep trolls (Orc:2)
  An oklob plant (Lair:1)
  4 deep elf magi (Orc:1)
  An orc knight (Bailey)
  2 cyclopes (D:15)
  5 black mambas
  2 molten gargoyles (Lair:6)
  3 spiny frogs
  A rime drake (shapeshifter) (D:13)
  6 komodo dragons
  2 rime drakes
  2 jumping spiders (Lair:4)
  7 hornets
  2 trolls
  A wolf spider simulacrum (D:15)
  2 tyrant leeches
  14 blink frogs
  4 slime creatures
  3 dream sheep (Lair:6)
  A hippogriff (Lair:5)
  A bog body (Swamp:1)
  2 shadows
  A spriggan (shapeshifter) (D:13)
  A wyvern (Lair:2)
  A fire elemental (D:15)
  7 yaks
  3 basilisks
  4 wraiths
  8 vampire mosquitoes
  A hungry ghost (D:13)
  4 swamp worms
  2 acid dragons (D:14)
  5 water moccasins
  4 hell hounds
  A swamp drake (Swamp:2)
  A porcupine (Lair:1)
  9 orc warriors
  An eye of draining (D:15)
  6 ogres
  A centaur (D:15)
  3 wolves
  5 crocodiles
  A big kobold (D:13)
  7 bullfrogs
  A scorpion (D:13)
  10 killer bees
  A wight (D:15)
  A crimson imp (D:15)
  3 lava snakes (Lair:6)
  5 orc priests
  A jelly (D:12)
  8 orc wizards
  2 worker ants
  2 hell rats
  An adder (D:11)
  A shadow imp (D:12)
  21 orcs
  2 kobolds (D:13)
  A quokka (D:10)
229 creatures vanquished.

Vanquished Creatures (others)
  A dream sheep (Lair:6)
  A shadow imp (D:15)
  17 fungi
  6 plants
25 creatures vanquished.

Grand Total: 866 creatures vanquished

Notes
Turn   | Place    | Note
-------+----------+-------------------------------------------
     0 | D:1      | mortelune the Draconian Conjurer began the quest for the Orb.
     0 | D:1      | Reached XP level 1. HP: 14/14 MP: 3/3
   393 | D:1      | Reached XP level 2. HP: 22/22 MP: 3/5
   397 | D:1      | Learned a level 2 spell: Searing Ray
   821 | D:1      | Reached skill level 1 in Fighting
  1146 | D:2      | Found a faded altar of an unknown god.
  1177 | D:2      | Reached XP level 3. HP: 28/28 MP: 2/6
  1420 | D:1      | Learned a level 3 spell: Dazzling Spray
  1966 | D:2      | Reached XP level 4. HP: 35/35 MP: 2/7
  2530 | D:2      | Found a sparkling altar of Nemelex Xobeh.
  3118 | D:3      | Reached skill level 5 in Conjurations
  3369 | D:3      | Reached XP level 5. HP: 41/41 MP: 0/9
  3627 | D:4      | Noticed DEFE's ghost (amateur DEAM)
  3797 | D:4      | Noticed an ice beast
  3807 | D:4      | Killed an ice beast
  4169 | D:4      | Noticed a phantom
  4209 | D:3      | Killed a phantom
  4209 | D:3      | Reached XP level 6. HP: 15/51 MP: 0/11
  4215 | D:3      | Learned a level 4 spell: Iskenderun's Mystic Blast
  4652 | D:4      | Found Ipooseag's Antique Weapon Shop.
  4662 | D:4      | Killed DEFE's ghost
  4662 | D:4      | Reached skill level 6 in Conjurations
  4911 | D:4      | Noticed a sky beast
  4943 | D:4      | Killed a sky beast
  4943 | D:4      | Your scales start taking on a pale cyan-grey colour.
  4943 | D:4      | Reached XP level 7. HP: 22/57 MP: 0/12
  5163 | D:5      | Entered Level 5 of the Dungeon
  5553 | D:5      | Reached skill level 7 in Conjurations
  6256 | D:5      | Reached XP level 8. HP: 67/67 MP: 3/14
  6972 | D:6      | Found Zaizomiu's Book Shoppe.
  7212 | D:6      | Reached skill level 5 in Fighting
  7397 | D:6      | Reached skill level 8 in Conjurations
  7556 | D:6      | Reached skill level 5 in Spellcasting
  7738 | D:6      | Found a staircase to the Ecumenical Temple.
  7744 | Temple   | Entered the Ecumenical Temple
  8097 | D:7      | Learned a level 1 spell: Shock
  8292 | D:7      | Reached skill level 1 in Air Magic
  8837 | D:7      | Reached skill level 9 in Conjurations
  8837 | D:7      | Reached XP level 9. HP: 75/75 MP: 0/17
  9070 | D:7      | Learned a level 5 spell: Lightning Bolt
 11236 | D:8      | Found a radiant altar of Vehumet.
 11245 | D:8      | Reached skill level 10 in Conjurations
 11390 | D:8      | Became a worshipper of Vehumet
 11511 | D:9      | Found a staircase to the Lair.
 11966 | D:9      | Reached XP level 10. HP: 82/86 MP: 4/19
 12836 | D:9      | Found a staircase to the Orcish Mines.
 13133 | D:9      | Found a shimmering altar of Xom.
 13396 | D:8      | Noticed wvc's ghost (novice NaGl)
 13402 | D:8      | Killed wvc's ghost
 13402 | D:8      | Reached * piety under Vehumet
 13402 | D:8      | Offered knowledge of Freeze by Vehumet.
 13402 | D:8      | Reached skill level 5 in Air Magic
 13479 | D:6      | Bought a book of Callings for 420 gold pieces
 13484 | D:6      | Learned a level 4 spell: Summon Lightning Spire
 13826 | D:10     | Entered Level 10 of the Dungeon
 13831 | D:10     | Reached skill level 1 in Summonings
 14221 | D:10     | Reached skill level 11 in Conjurations
 14403 | D:10     | Found a flagged portal.
 14413 | Bailey   | Entered a bailey
 14625 | Bailey   | Noticed an orc knight
 14699 | Bailey   | Noticed an orc knight
 15081 | Bailey   | Killed an orc knight
 15272 | Bailey   | Killed an orc knight
 15599 | D:10     | Noticed a seven-headed hydra
 15603 | D:10     | Killed a seven-headed hydra
 15603 | D:10     | Reached XP level 11. HP: 95/95 MP: 2/22
 15887 | Lair:1   | Entered Level 1 of the Lair of Beasts
 16687 | Lair:1   | Offered knowledge of Sandblast by Vehumet.
 16690 | Lair:1   | Reached ** piety under Vehumet
 17075 | Lair:1   | Reached skill level 5 in Summonings
 17197 | Lair:1   | Noticed an oklob plant
 17200 | Lair:1   | Noticed an oklob plant
 17299 | Lair:1   | Killed an oklob plant
 17509 | Lair:1   | Killed an oklob plant
 17524 | Lair:1   | Identified the Catalogue of Changing and the Birds
 17530 | Lair:1   | Learned a level 3 spell: Conjure Flame
 18549 | Lair:2   | Noticed a six-headed hydra
 18554 | Lair:2   | Killed a six-headed hydra
 18554 | Lair:2   | Reached skill level 1 in Shields
 18862 | Lair:2   | Found a labyrinth entrance.
 18871 | Lab      | Entered a labyrinth
 19713 | Lab      | Noticed a minotaur
 19716 | Lab      | Killed a minotaur
 19728 | Lab      | Got a warped crystal amulet
 19780 | Lair:2   | Noticed a seven-headed hydra
 19784 | Lair:2   | Killed a seven-headed hydra
 19917 | Lair:2   | Noticed a six-headed hydra
 19917 | Lair:2   | Identified the amulet "Fexusugh" {Gourm Str+4 Slay+2} (You found it in a labyrinth)
 19921 | Lair:2   | Killed a six-headed hydra
 20129 | Lair:2   | Offered knowledge of Inner Flame by Vehumet.
 20713 | Lair:3   | Reached XP level 12. HP: 75/105 MP: 2/24
 20937 | Lair:3   | Noticed a four-headed hydra
 20941 | Lair:3   | Killed a four-headed hydra
 21621 | Lair:3   | Noticed a death yak
 21624 | Lair:3   | Noticed a death yak
 21624 | Lair:3   | Noticed a death yak
 21628 | Lair:3   | Noticed a death yak
 21628 | Lair:3   | Killed a death yak
 21628 | Lair:3   | Reached skill level 5 in Shields
 21628 | Lair:3   | Reached skill level 12 in Conjurations
 21638 | Lair:3   | Noticed a four-headed hydra
 21701 | Lair:2   | Killed a death yak
 22010 | Lair:3   | Killed a four-headed hydra
 22500 | Lair:4   | Noticed Nergalle
 22505 | Lair:4   | Killed Nergalle
 22673 | Lair:4   | Reached *** piety under Vehumet
 22830 | Lair:4   | Reached skill level 10 in Fighting
 23760 | Lair:4   | Found a hole to the Spider Nest.
 23903 | Lair:4   | Found a staircase to the Swamp.
 24405 | Lair:5   | Noticed an eight-headed hydra
 24602 | Lair:4   | Offered knowledge of Olgreb's Toxic Radiance by Vehumet.
 24975 | Lair:5   | Noticed a four-headed hydra
 24981 | Lair:5   | Killed a four-headed hydra
 24983 | Lair:5   | Noticed a catoblepas
 25165 | Lair:5   | Killed an eight-headed hydra
 25695 | Lair:5   | Noticed a death yak
 25697 | Lair:5   | Noticed a death yak
 25699 | Lair:5   | Noticed a death yak
 25699 | Lair:5   | Killed a death yak
 25701 | Lair:5   | Noticed a death yak
 25866 | Lair:5   | Killed a catoblepas
 26084 | Lair:5   | Killed a death yak
 26085 | Lair:5   | Killed a death yak
 26085 | Lair:5   | Reached XP level 13. HP: 114/114 MP: 5/26
 26630 | Lair:6   | Entered Level 6 of the Lair of Beasts
 26764 | Lair:5   | Reached **** piety under Vehumet
 27875 | Lair:6   | Offered knowledge of Venom Bolt by Vehumet.
 28596 | Lair:6   | Found a staircase to the Slime Pits.
 28866 | Lair:6   | Noticed Josephine
 28868 | Lair:6   | Killed Josephine
 30370 | Lair:6   | Found a large runed door.
 30370 | Lair:6   | Found a large runed door.
 30372 | Lair:6   | Noticed a fire dragon
 31462 | Lair:6   | Killed a fire dragon
 31462 | Lair:6   | Reached skill level 10 in Air Magic
 31876 | Orc:1    | Entered Level 1 of the Orcish Mines
 32326 | Orc:1    | Reached ***** piety under Vehumet
 32326 | Orc:1    | Offered knowledge of Lee's Rapid Deconstruction by Vehumet.
 32464 | Orc:1    | Reached skill level 13 in Conjurations
 32910 | Orc:1    | Reached skill level 10 in Spellcasting
 33746 | Orc:2    | Entered Level 2 of the Orcish Mines
 34109 | Orc:2    | Reached XP level 14. HP: 124/124 MP: 16/28
 34131 | Orc:2    | Reached skill level 10 in Shields
 35901 | Orc:2    | Found Ibet's Gadget Emporium.
 35903 | Orc:2    | Found Ilat's Jewellery Shop.
 35905 | Orc:2    | Found Bigofur's Food Emporium.
 35907 | Orc:2    | Found Oceviut's Jewellery Shoppe.
 35910 | Orc:2    | Found a staircase to the Elven Halls.
 35937 | Orc:2    | Bought an uncursed ring of see invisible for 210 gold pieces
 36156 | Orc:2    | Bought the ring "Keomi" {rPois rC+} for 442 gold pieces
 36383 | D:10     | Learned a level 6 spell: Freezing Cloud
 36960 | D:10     | Found Janwoum's Assorted Antiques.
 36968 | D:10     | Bought a puce potion for 19 gold pieces
 36968 | D:10     | Bought a scroll of teleportation for 66 gold pieces
 37806 | D:11     | Noticed Erica
 37809 | D:11     | Killed Erica
 38010 | D:11     | Got a twisted great sword {slice}
 38011 | D:11     | Identified the +8 great sword "Lielog" {slice, rC- rN+++ Int-5 Stlth+} (You took it off Erica on level 11 of the Dungeon)
 38632 | D:12     | Offered knowledge of Sticky Flame by Vehumet.
 38902 | D:12     | Noticed Lanoc's ghost (journeyman HOCK)
 38929 | D:12     | Killed Lanoc's ghost
 39666 | D:13     | Noticed Nessos
 39974 | D:13     | Noticed Frances
 39976 | D:13     | Killed Frances
 40744 | D:13     | Found a gate to the Vaults.
 40765 | D:13     | Killed Nessos
 43861 | D:15     | Entered Level 15 of the Dungeon
 43882 | D:15     | Offered knowledge of Bolt of Draining by Vehumet.
 44084 | D:15     | Reached XP level 15. HP: 134/134 MP: 5/29
 44516 | D:15     | Noticed Azrael
 45568 | D:15     | Found a staircase to the Depths.
 46217 | D:15     | Found a deep blue altar of Sif Muna.
 46535 | D:15     | Killed Azrael
 46962 | Swamp:1  | Entered Level 1 of the Swamp
 47294 | Swamp:1  | Reached skill level 14 in Conjurations
 49085 | Swamp:2  | Offered knowledge of Spellforged Servitor by Vehumet.
 49089 | Swamp:2  | Noticed a tentacled monstrosity
 49103 | Swamp:2  | Killed a tentacled monstrosity
 50810 | Swamp:3  | Noticed a thorn hunter
 50817 | Swamp:3  | Noticed Nikola
 50818 | Swamp:3  | Killed a thorn hunter
 51706 | Spider:1 | Entered Level 1 of the Spider Nest
 51710 | Spider:1 | Noticed Asterion
 51871 | Lair:4   | Slain by a redback

Vault maps used:
D:1:      onia_arrival_pentagram, grunt_decor_one_mirror
D:2:      chequers_ecumenical_altar_island, grunt_decor_mini_mirrors,
          nemelex_dance_club_becter
D:4:      serial_shops, shop
D:5:      first_ration
D:6:      minmay_temple_entry_enclosed_plants, serial_shops, shop
D:8:      nicolae_overflow_crystal_walls
D:9:      dpeg_oklobed_lair, zombieorc1_lemuel, basic_altar
D:10:     minmay_cornered_nines, enter_bailey_2, serial_shops, shop
D:11:     uniq_erica
D:12:     hangedman_little_slice_of_home
D:13:     david_vaults_2, grunt_ministairs_7, uniq_nessos, uniq_frances
D:14:     lemuel_flame_loot_1
D:15:     grunt_enter_depths_snipers, corexii_corridor_pit, basic_altar,
          uniq_azrael
Temple:   compressed_dpeg_triangle_lava_temple
Lair:1:   special_room, grunt_megastairs_3, infiniplex_staircase_pool_2,
          minmay_lair_oklob_chamber, lemuel_fruit_tree
Lair:2:   lab_entry_generic, st_stairs_13
Lair:3:   small_statue_intersection, grunt_megastairs_5
Lair:4:   nicolae_swamp_entry_splash_gauntlet, spider_nest_entry_funnel_web,
          hangedman_lair_unloving_vines, uniq_nergalle
Lair:5:   infiniplex_staircase_pool
Lair:6:   cheibrodos_lair_end_hotspot, slime_dummy, uniq_josephine
Swamp:1:  serial_swamp_ruin, evilmike_swamp_ruin_house_2,
          evilmike_swamp_ruin_rubble_2, evilmike_swamp_ruin_house_1,
          swamp_pool1, ldierk_geyser
Swamp:2:  hangedman_swamp_cone, swamp_pool4
Swamp:3:  evilmike_swamp_ruin_house_5, uniq_nikola
Spider:1: uniq_asterion, uniq_rupert
Orc:1:    nicolae_orc_bridge_out, elves_outpost_lemuel
Orc:2:    st_orc_open
Lab:      labyrinth_spiral, nicolae_lab_dead_end, nicolae_lab_arrow
Bailey:   bailey_polearm_1, bailey

Skill      XL: |  1  2  3  4  5  6  7  8  9 10 11 12 13 14 15 |
---------------+----------------------------------------------+-----
Stealth        | 2 |  2.8
Fighting       | 1 2 3 4 5 7 8 9 10 11 12 13 | 13.2
Conjurations   | 5 6 7 9 10 11 12 13 14 | 14.3
Spellcasting   | 3 4 5 6 7 8 9 10 11 | 11.5
Air Magic      | 2 4 6 7 9 10 11 | 11.7
Summonings     | 4 6 |  6.0
Shields        | 4 7 9 11 13 | 13.2
Dodging        | |  1.8

Action                   |  1- 3 |  4- 6 |  7- 9 | 10-12 | 13-15 || total
-------------------------+-------+-------+-------+-------+-------++-------
Melee: Unarmed           |     3 |       |       |       |       ||     3
       Short sword       |    32 |    48 |     4 |       |       ||    84
       Tailslap          |     2 |     5 |     4 |     8 |    29 ||    48
       Flail             |       |       |    18 |    38 |       ||    56
       Demon blade       |       |       |       |    46 |   129 ||   175
       Staff             |       |       |       |       |    18 ||    18
 Cast: Magic Dart        |    56 |   101 |   121 |     3 |     4 ||   285
       Searing Ray       |     6 |    15 |    22 |     8 |     2 ||    53
       Iskenderun's Myst |       |     2 |    33 |    70 |    53 ||   158
       Dazzling Spray    |       |     1 |       |       |     1 ||     2
       Shock             |       |       |   104 |   346 |   384 ||   834
       Lightning Bolt    |       |       |     6 |    84 |   394 ||   484
       Summon Lightning  |       |       |       |    71 |   199 ||   270
       Freezing Cloud    |       |       |       |       |    32 ||    32
 Abil: Breathe Steam     |       |       |     6 |     1 |     1 ||     8
Evoke: Wand              |       |       |       |     1 |       ||     1
  Use: Scroll            |     2 |     3 |     2 |    16 |    16 ||    39
       Potion            |       |     1 |       |     1 |     6 ||     8
 Stab: Distracted        |       |       |       |     1 |     2 ||     3
  Eat: Chunk             |     4 |     8 |    16 |    39 |    89 ||   156
       Ration            |       |     1 |     3 |     9 |     6 ||    19
Armor: Skin              |    19 |    45 |    69 |   131 |   192 ||   456
Dodge: Dodged            |    22 |    41 |    77 |   163 |   225 ||   528
Block: Shield            |       |       |       |       |   344 ||   344
       Rpst.: Demon blade |       |       |       |    26 |    40 ||    66

Table legend:
 A = Spawn XP
 B = Non-spawn XP
 C = Spawn XP percentage of total XP
 D = Spawn monster count
 E = Non-spawn monster count
 F = Spawn count percentage of total count
 G = Total turns spent on level
                    A         B        C        D         E        F      G
               +---------+---------+-------+---------+---------+-------+---------
         Total |       0 |  145230 |   0.0 |       0 |     834 |   0.0 | 51871
               +---------+---------+-------+---------+---------+-------+---------
           D:1 |       0 |      37 |   0.0 |       0 |      21 |   0.0 |  1222
           D:2 |       0 |      96 |   0.0 |       0 |      28 |   0.0 |  1403
           D:3 |       0 |     189 |   0.0 |       0 |      21 |   0.0 |  1680
           D:4 |       0 |     480 |   0.0 |       0 |      16 |   0.0 |   858
           D:5 |       0 |     713 |   0.0 |       0 |      17 |   0.0 |  1646
           D:6 |       0 |     504 |   0.0 |       0 |      14 |   0.0 |  1055
           D:7 |       0 |     869 |   0.0 |       0 |      13 |   0.0 |  1750
           D:8 |       0 |    2651 |   0.0 |       0 |      35 |   0.0 |  1761
           D:9 |       0 |    2381 |   0.0 |       0 |      53 |   0.0 |  2734
          D:10 |       0 |    3266 |   0.0 |       0 |      29 |   0.0 |  1435
          D:11 |       0 |    2932 |   0.0 |       0 |      23 |   0.0 |   925
          D:12 |       0 |    4546 |   0.0 |       0 |      32 |   0.0 |  1541
          D:13 |       0 |   10323 |   0.0 |       0 |      43 |   0.0 |  2250
          D:14 |       0 |    6308 |   0.0 |       0 |      28 |   0.0 |  3314
          D:15 |       0 |   15316 |   0.0 |       0 |      47 |   0.0 |  1584
        Lair:1 |       0 |    4344 |   0.0 |       0 |      38 |   0.0 |  2710
        Lair:2 |       0 |    5657 |   0.0 |       0 |      17 |   0.0 |  1573
        Lair:3 |       0 |    5371 |   0.0 |       0 |      18 |   0.0 |  1577
        Lair:4 |       0 |    4190 |   0.0 |       0 |      26 |   0.0 |  2810
        Lair:5 |       0 |    9995 |   0.0 |       0 |      35 |   0.0 |  3128
        Lair:6 |       0 |   15892 |   0.0 |       0 |      70 |   0.0 |  3605
       Swamp:1 |       0 |    7987 |   0.0 |       0 |      28 |   0.0 |  1565
       Swamp:2 |       0 |   16347 |   0.0 |       0 |      55 |   0.0 |  3066
       Swamp:3 |       0 |    2808 |   0.0 |       0 |       6 |   0.0 |    36
      Spider:1 |       0 |     334 |   0.0 |       0 |       1 |   0.0 |    11
         Orc:1 |       0 |    4659 |   0.0 |       0 |      48 |   0.0 |  2557
         Orc:2 |       0 |   14661 |   0.0 |       0 |      57 |   0.0 |  1779
           Lab |       0 |     942 |   0.0 |       0 |       1 |   0.0 |   859
        Bailey |       0 |    1432 |   0.0 |       0 |      14 |   0.0 |  1142
               +---------+---------+-------+---------+---------+-------+---------
